 Dungeon Crawl Stone Soup version 0.18-a0-1577-gf591c28 (webtiles) character file.

183396 M4edhros the Peltast (level 17, -1/83 HPs)
             Began as a Vine Stalker Transmuter on Mar 20, 2016.
             Was the Champion of Dithmenos.
             Killed by angry trees
             ... awakened by a spriggan druid
              (8 damage)
             ... on level 4 of the Swamp.
             The game lasted 02:27:44 (64456 turns).

M4edhros the Peltast (Vine Stalker Transmuter)     Turns: 64456, Time: 02:27:45

Health: -1/83      AC: 16    Str: 16    XL:     17   Next: 99%
Magic:  0/26       EV: 29    Int: 21    God:    Dithmenos [******]
Gold:   5581       SH: 16    Dex: 19    Spells: 7 memorised, 4 levels left

rFire  + . .     SeeInvis +     V - +14 obsidian axe {chop, +Fly Str+3 SInv *Curse} (curse)
rCold  + + .     Gourm    .     x - +4 troll leather armour
rNeg   . . .     Faith    .     U - +2 shield of Resistance {rF+ rC+ MR+}
rPois  .         Spirit   +     B - +2 hat
rElec  +         Dismiss  .     A - +2 cloak of Starlight {rElec rC+ EV+4 Stlth--}
rCorr  .         Reflect  .     (no gloves)
SustAt .         Harm     .     b - +2 pair of boots of the Assassin {DetectMon Stab+ Stlth++}
MR     +++..                    j - amulet of regeneration
Stlth  ++........               R - +5 ring of intelligence
                                J - +4 ring of evasion

@: mesmerised, wreathed by umbra, extremely resistant to hostile enchantments,
unstealthy
A: fangs 3, blurry vision 1, mutation resistance 1, regeneration 3, magic
shield, antimagic bite, no device heal 3, rot immunity, sturdy frame 1
a: Shadow Step, Shadow Form, Renounce Religion, Evoke Flight
}: 1/15 runes: decaying


You were on level 4 of the Swamp.
You worshipped Dithmenos.
Dithmenos was exalted by your worship.
You were very hungry.

You visited 6 branches of the dungeon, and saw 29 of its levels.
You visited the Abyss 1 time.
You also visited: Bailey, Ice Cave and Wizlab.

You collected 8728 gold pieces.
You spent 3147 gold pieces at shops.

Inventory:

Hand Weapons
 F - a +0 blowgun
 Q - a +7 greatsling of venom
 V - the cursed +14 obsidian axe (weapon) {chop, +Fly Str+3 SInv *Curse}
   (You found it on level 8 of the Lair of Beasts)

   It inflicts extra damage upon your enemies.
   It affects your strength (+3).
   It lets you see invisible.
   It lets you fly.
   It may re-curse itself when equipped.
   It has a curse placed upon it.
Missiles
 a - 432 arrows
 d - 77 tomahawks of returning (quivered)
 n - 784 stones
 O - 134 sling bullets
 Y - 15 curare-tipped needles
Armour
 b - the +2 pair of boots of the Assassin (worn) {DetectMon Stab+ Stlth++}
   (Xom gifted it to you in the Ecumenical Temple)

   It makes you much more stealthy.
 x - a +4 troll leather armour (worn)
 A - the +2 cloak of Starlight (worn) {rElec rC+ EV+4 Stlth--}
   (You bought it in a shop on level 6 of the Dungeon)

   It affects your evasion (+4).
   It protects you from cold.
   It insulates you from electricity.
   It makes you much less stealthy.
 B - a +2 hat (worn)
 U - the +2 shield of Resistance (worn) {rF+ rC+ MR+}
   (You found it on level 7 of the Dungeon)

   It protects you from fire.
   It protects you from cold.
   It affects your resistance to hostile enchantments.
Rods
 I - a +2 rod of inaccuracy (13/13)
   (You found it on level 4 of the Swamp)
Jewellery
 j - an amulet of regeneration (around neck)
 C - an uncursed ring of protection from fire
 J - a +4 ring of evasion (left hand)
 P - an uncursed ring of see invisible
 R - a +5 ring of intelligence (right hand)
Wands
 h - a wand of slowing (30/48)
 i - a wand of digging (11/24)
 p - a wand of teleportation (7/9)
 H - a wand of iceblast (7/15)
 W - a wand of lightning (6/15)
Scrolls
 g - a scroll of remove curse
 l - a scroll of silence
 q - 3 scrolls of blinking
 y - a scroll of fear
 z - 6 scrolls of fog
 D - a scroll of magic mapping
 M - 10 scrolls of teleportation
Potions
 e - 5 potions of haste
 m - 7 potions of flight
 o - 3 potions of might
 r - 8 potions of curing
 s - 3 potions of lignification
 t - 5 potions of brilliance
 v - 4 potions of agility
 w - 4 potions of magic
 L - a potion of resistance
 N - a potion of invisibility
Books
 E - a Fen Folio

   Spells                             Type                      Level
   a - Corpse Rot                     Necromancy                   2
   b - Stone Arrow                    Conjuration/Earth            3
   c - Leda's Liquefaction            Hexes/Earth                  4
   d - Summon Forest                  Summoning/Translocation      5
   e - Hydra Form                     Transmutation                6
   f - Summon Hydra                   Summoning                    7
Miscellaneous
 c - a phial of floods (inert)
 K - a fan of gales (inert)
Comestibles
 f - 5 slices of pizza
 k - 11 bread rations
 u - 18 royal jellies
 G - 18 fruits
 X - 8 meat rations
 Z - a beef jerky


   Skills:
 - Level 6.6 Fighting
 * Level 4.2 Axes
 - Level 7.4 Slings
 - Level 11.3 Dodging
 - Level 15.0 Shields
 - Level 7.8 Unarmed Combat
 + Level 5.3 Spellcasting
 - Level 4.6 Charms
 + Level 14.2 Transmutations
 - Level 4.4 Air Magic
 * Level 11.5 Earth Magic


You had 4 spell levels left.
You knew the following spells:

 Your Spells              Type           Power        Failure   Level  Hunger
a - Beastly Appendage     Trmt           ######       1%          1    None
b - Repel Missiles        Chrm/Air       ###...       2%          2    None
c - Swiftness             Chrm/Air       ###.....     2%          2    None
d - Sticks to Snakes      Trmt           ######..     1%          2    None
e - Blade Hands           Trmt           ######....   1%          5    #####..
f - Summon Lightning Spi  Summ/Air       ##......     43%         4    ####...
g - Statue Form           Trmt/Erth      ######...    10%         6    #######


Dungeon Overview and Level Annotations

Branches:
Dungeon (13/15)            Temple (1/1) D:5            Lair (8/8) D:11
  Swamp (4/4) Lair:6       Spider (0/4) Lair:4        Slime (0/6) Lair:7
    Orc (2/2) D:9             Elf (1/3) Orc:2
 Vaults: D:13-14

Altars:
Ashenzari
Cheibriados
Dithmenos
Fedhas
Gozag
Kikubaaqudgha
Makhleb
Nemelex Xobeh
Okawaru
Pakellas
Qazlal
Ru
Sif Muna
Trog
Vehumet
Xom
Yredelemnul
The Shining One
Jiyva

Shops:
D:5 *   D:6 **[*   D:7 *   Orc:2 :*}(=

Annotations:
D:8 namelastname112's ghost, novice DrSk
Lair:2 exclusion: 3 oklob plants


Innate Abilities, Weirdness & Mutations

You have razor-sharp teeth.
You regenerate.
When hurt, damage is shared between your health and your magic reserves.
Your bite disrupts and absorbs the magic of your enemies.
Potions and wands cannot restore your health.
You are immune to rotting.
Scrolls take you a little longer to read.
You are somewhat resistant to further mutation.
Your movements are slightly less encumbered by armour (ER -2).


Message History

The spriggan druid completely misses you.
The insubstantial wisp blinks!
Unknown command.
Okay, then.
You slash the spriggan druid! Your bite misses the spriggan druid.
The spriggan druid is severely wounded.
Visions of slaying the spriggan druid flood into your mind.
You are hit by a branch!
* * * LOW HITPOINT WARNING * * *
The spriggan druid completely misses you.
The spriggan druid gestures wildly while chanting.
The spriggan druid is healed somewhat.
You barely miss the spriggan druid. You bite the spriggan druid.
The spriggan druid's magic leaks into the air.
You drain its magic.
You feel invigorated.
The spriggan druid is severely wounded.
A root smacks you from below.
* * * LOW HITPOINT WARNING * * *
A tree reaches out and hits you!
You die...

♣♣≈§.♣♣.[..♣♣♣.≈♣♣♣♣≈≈..≈≈.≈.≈
♣≈≈.≈♣♣≈≈≈≈♣♣≈..≈♣♣♣♣.≈≈.....≈
♣.≈≈≈♣≈≈≈.≈≈.♣♣.≈.♣ ♣.≈.♣♣≈≈≈≈
♣.≈≈≈.♣♣♣♣≈§♣♣≈..♣♣ ♣♣.♣♣≈≈≈≈≈
♣♣≈..§≈..♣♣.♣≈.≈§≈.♣♣♣♣♣♣♣≈≈≈≈≈
♣.≈..§.......§.§≈.≈..♣♣ ♣≈≈≈≈≈
##≈≈##.♣##♣.♣§§§.♣.≈..♣ ♣♣..≈≈
##♣♣##♣♣##♣♣#♣♣§§§..≈.≈.♣♣ ♣♣..≈
≈≈≈≈≈≈≈[4.÷≈≈#≈#@§.≈.§.≈≈♣♣♣♣♣.≈≈
≈.≈≈≈..#≈≈{.#≈#§♣i...≈..≈....♣.≈≈
≈≈≈≈≈≈≈.#≈≈≈≈#≈#§..≈..≈≈≈.♣≈♣≈≈≈≈
≈#####≈#≈≈≈.#.#≈##≈.§..≈≈.♣♣..≈≈≈
≈#...#≈≈#≈≈≈.#≈#≈#.≈.≈.≈≈≈.≈≈.≈≈≈
≈≈#.##≈#≈≈≈.≈.≈.≈#≈..v≈≈≈≈≈≈..≈≈≈
≈≈.#.≈≈##≈≈≈≈≈≈≈≈#♣.§[..≈≈≈≈≈.≈†§
≈≈≈≈≈≈≈##.≈≈≈≈≈≈.#♣♣♣.♣.≈≈≈≈≈...§
.#.♣≈#..##≈#≈#≈≈.# ♣♣♣.≈≈≈≈.≈≈≈§


You could see a spriggan druid and an insubstantial wisp.

Vanquished Creatures
  Rupert (Lair:4)
  2 tentacled starspawn (WizLab)
  Gastronok (Lair:2)
  Frances (D:13)
  An eldritch tentacle (WizLab)
  Donald (Swamp:2)
  The ghost of Duffy the Blocker, a journeyman TrFi of Cheibriados (Lair:7)
  A black draconian (WizLab)
  Nessos (D:13)
  Azrael (Orc:2)
  A white draconian (IceCv)
  Snorg (Lair:4)
  A green death (Swamp:4)
  Josephine (D:10)
  A great orb of eyes (WizLab)
  A rakshasa (WizLab)
  A catoblepas (Lair:8)
  A ghost crab (Swamp:3)
  2 centaur warriors
  6 alligators
  2 dancing weapons
  15 hydras
  2 ogre magi (Orc:2)
  10 death yaks
  A thrashing horror (Swamp:4)
  The ghost of M4edhros the Geomancer, a journeyman VSEE of Cheibriados (D:12)
  A sun demon (WizLab)
  A deep elf knight (Elf:1)
  Sonja (D:10)
  2 fire crabs (Lair:8)
  5 skeletal warriors (D:13)
  A wizard (WizLab)
  A hell knight (WizLab)
  An obsidian statue (WizLab)
  2 deep trolls (Orc:2)
  6 swamp dragons
  2 large abominations
  6 unseen horrors
  9 hill giants
  3 shambling mangroves
  2 orc knights
  3 griffons
  8 deep elf magi
  6 cyclopes
  3 orc sorcerers
  2 deep elf archers (Elf:1)
  A hornet (Swamp:2)
  11 ugly things
  13 elephants
  2 manticores
  A hornet (shapeshifter) (D:13)
  2 worldbinders (WizLab)
  An ice statue (IceCv)
  A smoke demon (WizLab)
  A torpor snail (Lair:8)
  30 spiny frogs
  A rime drake (Lair:8)
  A demonic crawler (WizLab)
  A kobold demonologist (D:12)
  9 komodo dragons
  A freezing wraith (WizLab)
  A red devil (WizLab)
  11 polar bears (IceCv)
  15 trolls
  A queen bee (Lair:8)
  10 two-headed ogres
  A wind drake (WizLab)
  27 blink frogs
  6 bog bodies
  14 giant leeches
  12 slime creatures
  A vampire (D:11)
  4 shadows
  6 starcursed masses (WizLab)
  8 wraiths
  4 spriggans
  2 water elementals
  A human (D:7)
  5 wyverns
  8 basilisks
  5 hungry ghosts
  55 yaks
  3 fire elementals (Orc:2)
  6 hippogriffs
  A warg (Orc:1)
  A mottled dragon (D:12)
  9 insubstantial wisps
  10 vampire mosquitoes
  7 spatial vortices (WizLab)
  14 swamp worms
  17 water moccasins
  3 hell hounds
  2 small abominations (Swamp:4)
  14 orc warriors
  18 porcupines
  6 ice beasts
  5 phantoms
  5 sky beasts
  13 swamp drakes
  A black bear (D:11)
  2 necrophages (D:6)
  13 wasps
  34 ogres
  A boggart (WizLab)
  23 centaurs
  19 wolves
  7 crocodiles
  16 big kobolds
  A wyvern zombie (D:8)
  45 giant frogs
  23 killer bees (Lair:8)
  3 scorpions
  4 wights (D:13)
  5 howler monkeys
  10 electric eels
  9 crimson imps
  A centaur zombie (D:8)
  5 hounds
  2 quasits (WizLab)
  A giant frog zombie (D:12)
  5 giant frog skeletons
  9 orc priests
  5 jellies
  5 centaur skeletons
  9 iguanas
  24 orc wizards
  13 worker ants
  25 sheep
  2 hound skeletons
  23 gnolls
  14 adders
  85 river rats
  3 shadow imps
  12 white imps (D:11)
  5 giant eyeballs (D:10)
  An ooze (D:6)
  2 adder skeletons
  4 worms
  A dart slug (D:3)
  5 giant geckos
  65 orcs
  4 bats
  6 giant cockroaches
  9 goblins
  14 hobgoblins
  8 jackals
  36 kobolds
  11 quokkas
  A giant gecko skeleton (D:4)
  5 giant newts
  14 rats
  3 briar patches (Swamp:4)
  A bush (Lair:4)
  2 fungi
  3 plants (Lair:8)
1189 creatures vanquished.

Vanquished Creatures (collateral kills)
  A thorn hunter (Swamp:4)
  A green death (Swamp:4)
  3 hydras (Swamp:4)
  A thrashing horror (Swamp:4)
  A swamp dragon (Swamp:3)
  2 ugly things (Swamp:4)
  An orange demon (Swamp:4)
  3 blink frogs (Lair:8)
  4 slime creatures (Swamp:4)
  A shadow (Swamp:4)
  A large abomination (Swamp:4)
  An insubstantial wisp (Swamp:4)
  A swamp worm (Swamp:4)
  A swamp drake (Swamp:3)
  A phantom (D:6)
  A wasp (Swamp:4)
  A howler monkey (D:7)
  A briar patch (Swamp:4)
26 creatures vanquished.

Vanquished Creatures (others)
  5 sheep (Lair:2)
  A river rat (Lair:3)
  2 briar patches (Swamp:4)
  1159 eldritch tentacle segments (WizLab)
  19 fungi
  27 plants
  6 starspawn tentacles (WizLab)
  25 starspawn tentacle segments (WizLab)
1244 creatures vanquished.

Grand Total: 2459 creatures vanquished

Notes
Turn   | Place    | Note
--------------------------------------------------------------
     0 | D:1      | M4edhros the Vine Stalker Transmuter began the quest for the Orb.
     0 | D:1      | Reached XP level 1. HP: 9/9 MP: 4/4
   208 | D:1      | Reached skill level 1 in Slings
   294 | D:1      | Reached XP level 2. HP: 12/14 MP: 6/6
   783 | D:1      | Reached XP level 3. HP: 17/17 MP: 7/7
  1750 | D:3      | Reached XP level 4. HP: 21/21 MP: 8/8
  2285 | D:3      | Found a sparkling altar of Nemelex Xobeh.
  2523 | D:3      | Found an oddly glowing altar of Pakellas.
  2580 | D:3      | Reached XP level 5. HP: 22/25 MP: 9/9
  3107 | D:4      | Gained mutation: You heal very quickly. [Vine Stalker growth]
  3107 | D:4      | Reached XP level 6. HP: 25/29 MP: 7/10
  3232 | D:4      | Learned a level 2 spell: Repel Missiles
  3235 | D:4      | Learned a level 2 spell: Swiftness
  3238 | D:4      | Learned a level 2 spell: Sticks to Snakes
  3349 | D:4      | Found a stormy altar of Qazlal.
  3615 | D:4      | Got a steaming war axe {antimagic}
  3616 | D:4      | Identified the cursed +0 war axe of Zoblusu {antimagic, rPois rF+ Str+3 Dex+4} (You took it off a gnoll on level 4 of the Dungeon)
  3974 | D:5      | Entered Level 5 of the Dungeon
  4061 | D:5      | Reached XP level 7. HP: 32/32 MP: 11/11
  4255 | D:5      | Reached skill level 5 in Slings
  4340 | D:5      | Found a staircase to the Ecumenical Temple.
  4374 | D:5      | Reached skill level 5 in Unarmed Combat
  4445 | D:5      | Noticed a moth of wrath
  4448 | D:5      | Found a bloodstained altar of Trog.
  4550 | D:5      | Found Feimalus's General Store.
  4558 | D:5      | Bought a +0 troll leather armour for 210 gold pieces
  4818 | D:5      | Gained mutation: You have razor-sharp teeth. [Vine Stalker growth]
  4818 | D:5      | Reached XP level 8. HP: 33/37 MP: 5/12
  5042 | Temple   | Entered the Ecumenical Temple
  5089 | Temple   | Became a worshipper of Xom of Chaos
  5129 | D:6      | Found Labu's Assorted Antiques.
  5194 | D:6      | Found Gefux's General Store.
  5347 | D:6      | Bought a potion of mutation for 35 gold pieces
  5347 | D:6      | Gained mutation: You are frail (-10% HP). [potion of mutation]
  5347 | D:6      | Gained mutation: You are dopey. (Int -2) [potion of mutation]
  5347 | D:6      | Gained mutation: You are very dopey. (Int -4) [potion of mutation]
  5348 | D:6      | Gained mutation: You regenerate. [potion of mutation]
  5348 | D:6      | Gained mutation: Your muscles are strong. (Str +2) [potion of mutation]
  5348 | D:6      | Gained mutation: Your spells are a little harder to cast, but a little more powerful. [potion of mutation]
  5364 | D:6      | Got a transparent trident
  5365 | D:6      | Identified the +3 trident "Hulk" {flame, +Rage +Inv MP-9 Str+8} (You found it on level 6 of the Dungeon)
  5412 | D:6      | Found Goebo's General Store.
  5449 | D:6      | XOM: harmless Pois miscast
  5523 | D:6      | Found Usyoklia's Antique Armour Boutique.
  5552 | D:6      | XOM: potion effect (berserk rage)
  5605 | D:6      | Reached skill level 1 in Fighting
  5697 | D:6      | Reached skill level 5 in Transmutations
  5697 | D:6      | XOM: potion effect (brilliance)
  5761 | D:6      | XOM: potion effect (invisibility)
  5778 | D:6      | XOM: medium Air miscast
  5863 | D:6      | XOM: mild Chrm miscast
  5933 | D:6      | Found a deep blue altar of Sif Muna.
  5945 | D:6      | XOM: noise
  5976 | D:6      | XOM: blink monster(s)
  6002 | D:6      | XOM: medium Erth miscast
  6078 | D:6      | XOM: confusion (+ monsters)
  6148 | D:6      | XOM: harmless Tloc miscast
  6181 | D:6      | XOM: blink monster(s)
  6186 | D:6      | XOM: enchant monster (bad)
  6191 | D:6      | XOM: mild Air miscast
  6192 | D:6      | XOM: swap monsters
  6193 | D:6      | XOM: god gift: meat ration
  6204 | D:6      | XOM: summons 5 friendly demons
  6251 | D:6      | XOM: mild Hex miscast
  6926 | Temple   | XOM is BORED!
  6926 | Temple   | XOM: mild Fire miscast
  7467 | Temple   | XOM: 6-stop teleportation journey
  8372 | Temple   | XOM: colour smoke trail
  8469 | Temple   | XOM is BORED!
  8469 | Temple   | XOM: mild Ice miscast
  8529 | Temple   | XOM: god gift: runed hand axe {god gift}
  8712 | Temple   | XOM: give mutations
  8712 | Temple   | Gained mutation: Your flesh is heat resistant. [Xom's grace]
  8712 | Temple   | Gained mutation: You are resistant to hostile enchantments. [Xom's grace]
  8712 | Temple   | Gained mutation: You have sharp toenails. [Xom's grace]
  8712 | Temple   | Gained mutation: You are partially covered in thin metallic scales (AC +2). [Xom's grace]
  8830 | Temple   | XOM: noise
  9661 | Temple   | XOM: god gift: slice of pizza
  9913 | Temple   | XOM: give mutations
  9913 | Temple   | Gained mutation: You passively map a small area around you. [Xom's grace]
  9913 | Temple   | Gained mutation: You can translocate small distances at will. [Xom's grace]
  9913 | Temple   | Gained mutation: You have razor-sharp toenails. [Xom's grace]
 10782 | Temple   | XOM: god gift: thin glowing staff {god gift}
 11028 | Temple   | XOM: 2-stop teleportation journey
 11071 | Temple   | XOM: vitrification
 11267 | Temple   | XOM: god gift: lumpy puce potion
 11534 | Temple   | XOM: 6-stop teleportation journey
 12042 | Temple   | XOM: god gift: runed greatsling {god gift}
 12181 | Temple   | XOM: give mutations
 12181 | Temple   | Gained mutation: You passively map the area around you. [Xom's grace]
 12181 | Temple   | Gained mutation: You possess an exceptional clarity of mind. [Xom's grace]
 12192 | Temple   | XOM: mild Pois miscast
 12288 | Temple   | XOM: god gift: quarterstaff {god gift}
 12354 | D:6      | XOM: noise
 12401 | D:6      | XOM: medium Tloc miscast
 12402 | D:6      | XOM: summons 3 friendly demons
 12652 | D:7      | XOM is BORED!
 12652 | D:7      | XOM: summons 4 hostile demons
 12661 | D:7      | Found a radiant altar of Vehumet.
 12670 | D:7      | XOM: summons 4 friendly demons
 12673 | D:7      | XOM: harmless Conj miscast
 12694 | D:7      | XOM: confuse monster(s)
 12700 | D:7      | Reached XP level 9. HP: 38/40 MP: 13/13
 12716 | D:7      | XOM: butterfly on damage
 12729 | D:7      | XOM: polymorph butterfly -> gnoll
 12761 | D:7      | XOM: fake destruction
 12763 | D:7      | Noticed a komodo dragon
 12763 | D:7      | a hippogriff changed into a komodo dragon
 12763 | D:7      | XOM: polymorph hippogriff -> komodo dragon
 12820 | D:7      | XOM: potion effect (haste)
 12826 | D:7      | XOM: mild Hex miscast
 12830 | D:7      | XOM: enchant monster (bad)
 12860 | D:7      | Killed a komodo dragon
 12916 | D:7      | Found Haross's General Store.
 12919 | D:7      | Bought a scroll of enchant weapon for 82 gold pieces
 12919 | D:7      | Bought a scroll of teleportation for 33 gold pieces
 12969 | D:7      | XOM: harmless Air miscast
 12991 | D:7      | XOM: summons 1 hostile demon
 12995 | D:7      | XOM: harmless Chrm miscast
 13027 | D:7      | XOM: fog
 13249 | Temple   | XOM: god gift: potion of mutation
 13251 | Temple   | Lost mutation: Your muscles are strong. (Str +2) [potion of mutation]
 13251 | Temple   | Lost mutation: You are resistant to hostile enchantments. [potion of mutation]
 13262 | Temple   | XOM: god gift: runed scale mail {god gift}
 13518 | Temple   | XOM: 3-stop teleportation journey
 13837 | Temple   | XOM: 3-stop teleportation journey
 13955 | Temple   | XOM: god gift: sapphire potion
 14160 | Temple   | XOM: 4-stop teleportation journey
 14611 | Temple   | XOM: god gift: 1850 gold pieces
 14764 | Temple   | XOM: god gift: 40 gold pieces
 15128 | Temple   | XOM: god gift: scroll of amnesia
 15601 | Temple   | XOM: give mutations
 15601 | Temple   | Gained mutation: You evolve. [Xom's grace]
 15601 | Temple   | Gained mutation: You are surrounded by a mild repulsion field (EV +2). [Xom's grace]
 16146 | Temple   | XOM: 2-stop teleportation journey
 16191 | D:6      | Bought the +2 cloak of Starlight {rElec rC+ EV+4 Stlth--} for 1485 gold pieces
 16267 | D:7      | XOM: harmless Necr miscast
 16284 | D:7      | XOM: enchant monster (bad)
 16287 | D:7      | XOM: noise
 16326 | D:7      | XOM is BORED!
 16326 | D:7      | XOM: noise
 16327 | D:7      | XOM: summons friendly iron imp
 16331 | D:7      | XOM: give mutations
 16331 | D:7      | Lost mutation: You have razor-sharp toenails. [Xom's mischief]
 16331 | D:7      | Lost mutation: You possess an exceptional clarity of mind. [Xom's mischief]
 16342 | D:7      | XOM: harmless Erth miscast
 16394 | D:7      | Reached skill level 5 in Fighting
 16395 | D:7      | XOM: harmless Ice miscast
 16409 | D:7      | XOM: polymorph howler monkey -> iguana
 16437 | D:7      | XOM: confuse monster(s)
 16786 | Temple   | XOM: give mutations
 16786 | Temple   | Gained mutation: You are resistant to hostile enchantments. [Xom's grace]
 16786 | Temple   | Gained mutation: You have a pair of small horns on your head. [Xom's grace]
 16786 | Temple   | Gained mutation: Your muscles are strong. (Str +2) [Xom's grace]
 17278 | Temple   | XOM: mild Pois miscast
 17936 | Temple   | XOM: 6-stop teleportation journey
 18219 | Temple   | XOM is BORED!
 18219 | Temple   | XOM: summons 4 hostile demons
 18255 | D:5      | XOM: harmless Chrm miscast
 18410 | Temple   | Lost mutation: You are frail (-10% HP). [evolution]
 18557 | Temple   | XOM: god gift: grey potion
 18656 | Temple   | XOM: 2-stop teleportation journey
 19015 | Temple   | XOM: god gift: 10 sling bullets of flame
 19341 | Temple   | XOM: god gift: scroll of enchant armour
 19761 | Temple   | XOM: 1-stop teleportation journey
 20227 | Temple   | XOM: give mutations
 20227 | Temple   | Gained mutation: Your spells are harder to cast, but more powerful. [Xom's grace]
 20227 | Temple   | Gained mutation: Your system is resistant to poisons. [Xom's grace]
 20227 | Temple   | Gained mutation: You have a pair of horns on your head. [Xom's grace]
 20227 | Temple   | Gained mutation: You are partially covered in rugged brown scales (AC +1, +3% HP). [Xom's grace]
 20693 | Temple   | XOM: stat loss: -1 Int (11/12)
 21107 | Temple   | XOM: god gift: embroidered cloak {god gift}
 21394 | Temple   | XOM: god gift: 14 arrows of frost
 21852 | Temple   | XOM: god gift: scroll labeled ENWOLU EDWIRAA
 22122 | Temple   | XOM: give mutations
 22122 | Temple   | Gained mutation: You are resistant to electric shocks. [Xom's grace]
 22122 | Temple   | Gained mutation: You have a pair of large horns on your head. [Xom's grace]
 22217 | Temple   | XOM: god gift: 33 gold pieces
 23381 | Temple   | XOM: god gift: 1360 gold pieces
 23622 | Temple   | XOM: god gift: 12 royal jellies
 24016 | Temple   | XOM: god gift: scroll labeled POCROPH JYAL
 24129 | Temple   | XOM is BORED!
 24129 | Temple   | XOM: stat loss: -2 Dex (13/15)
 24414 | Temple   | XOM: give mutation
 24414 | Temple   | Gained mutation: You possess an exceptional clarity of mind. [Xom's grace]
 24705 | Temple   | XOM: give mutations
 24705 | Temple   | Gained mutation: Your muscles are very strong. (Str +4) [Xom's grace]
 24705 | Temple   | Gained mutation: You have sharp fingernails. [Xom's grace]
 24705 | Temple   | Gained mutation: Your flesh is cold resistant. [Xom's grace]
 25468 | Temple   | XOM: give mutations
 25468 | Temple   | Lost mutation: You are very dopey. (Int -4) [Xom's grace]
 25468 | Temple   | Gained mutation: You are highly resistant to hostile enchantments. [Xom's grace]
 25468 | Temple   | Gained mutation: You are agile. (Dex +2) [Xom's grace]
 25468 | Temple   | Lost mutation: You are dopey. (Int -2) [Xom's grace]
 25871 | Temple   | XOM: 3-stop teleportation journey
 25876 | Temple   | XOM: god gift: small moonstone ring {god gift}
 25892 | Temple   | Learned a level 5 spell: Blade Hands
 25918 | Temple   | XOM: mild Ice miscast
 25926 | D:5      | XOM: harmless Air miscast
 25971 | D:7      | XOM: harmless Hex miscast
 26037 | D:7      | XOM: cast spell 'Death Channel'
 26058 | D:7      | XOM: harmless Air miscast
 26091 | D:7      | XOM: noise
 26145 | D:7      | XOM: summons friendly crimson imp
 26148 | D:7      | XOM: summons friendly ufetubus
 26227 | Temple   | XOM: 1-stop teleportation journey
 26289 | Temple   | XOM: divination: detect creatures
 26358 | Temple   | XOM: 1-stop teleportation journey
 26736 | Temple   | XOM: 1-stop teleportation journey
 27395 | Temple   | XOM is BORED!
 27395 | Temple   | XOM: give mutations
 27395 | Temple   | Lost mutation: You have sharp toenails. [Xom's mischief]
 27395 | Temple   | Lost mutation: You are highly resistant to hostile enchantments. [Xom's mischief]
 27395 | Temple   | Lost mutation: You passively map the area around you. [Xom's mischief]
 27395 | Temple   | Lost mutation: Your system is resistant to poisons. [Xom's mischief]
 27410 | D:5      | XOM: destruction
 27424 | D:5      | XOM: mild Ice miscast
 27467 | D:5      | XOM: cast spell 'Shadow Creatures'
 27539 | D:5      | XOM: silly message
 27587 | D:5      | XOM: give mutation
 27587 | D:5      | Lost mutation: You passively map a small area around you. [Xom's mischief]
 27593 | D:5      | XOM: cast spell 'Ring of Flames'
 27986 | Temple   | XOM: god gift: pair of slimy boots {god gift}
 27987 | Temple   | Got a pair of slimy boots {god gift}
 27998 | Temple   | Identified the +2 pair of boots "Roegeo Rogesh" {Dex+5} (Xom gifted it to you in the Ecumenical Temple)
 28493 | Temple   | XOM: divination: detect creatures
 29004 | Temple   | XOM: summons 3 hostile demons
 29599 | Temple   | XOM: 1-stop teleportation journey
 29656 | Temple   | XOM: god gift: leather armour {god gift}
 30476 | Temple   | XOM: summons 4 hostile demons
 30569 | Temple   | XOM: god gift: scroll of enchant armour
 30923 | Temple   | XOM is BORED!
 30923 | Temple   | XOM: noise
 32157 | Temple   | XOM: mild Air miscast
 33783 | Temple   | XOM: god gift: 20 gold pieces
 33949 | Temple   | XOM is BORED!
 33949 | Temple   | XOM: give mutations
 33949 | Temple   | Lost mutation: Your flesh is cold resistant. [Xom's mischief]
 33949 | Temple   | Lost mutation: You can translocate small distances at will. [Xom's mischief]
 33949 | Temple   | Lost mutation: You regenerate. [Xom's mischief]
 34137 | Temple   | Gained mutation: Your movements are slightly less encumbered by armour (ER -2). [evolution]
 34216 | Temple   | XOM: 3-stop teleportation journey
 34425 | Temple   | XOM: give mutations
 34425 | Temple   | Gained mutation: You are very agile. (Dex +4) [Xom's grace]
 34425 | Temple   | Gained mutation: Your flesh is cold resistant. [Xom's grace]
 34585 | Temple   | XOM: god gift: thin jewelled staff {god gift}
 34996 | Temple   | XOM: give mutations
 34996 | Temple   | Lost mutation: You evolve. [Xom's grace]
 34996 | Temple   | Gained mutation: You are somewhat resistant to further mutation. [Xom's grace]
 34996 | Temple   | Gained mutation: You passively map a small area around you. [Xom's grace]
 34996 | Temple   | Gained mutation: You have large cloven feet. [Xom's grace]
 34996 | Temple   | Gained mutation: You have hoof-like feet. [Xom's grace]
 35059 | Temple   | XOM: god gift: 18 sling bullets of frost
 35110 | Temple   | XOM: god gift: 9 gold pieces
 36250 | Temple   | XOM: god gift: +2 pair of boots of the Assassin {DetectMon Stab+ Stlth++}
 36443 | Temple   | XOM: god gift: 1530 gold pieces
 36638 | Temple   | XOM: god gift: 900 gold pieces
 37072 | Temple   | XOM: god gift: scroll of amnesia
 37240 | Temple   | XOM: give mutations
 37240 | Temple   | Gained mutation: You have hooves in place of feet. [Xom's grace]
 37240 | Temple   | Gained mutation: Your system is resistant to poisons. [Xom's grace]
 37240 | Temple   | Gained mutation: Your mind is acute. (Int +2) [Xom's grace]
 37605 | Temple   | XOM: divination: detect creatures
 37692 | Temple   | XOM: mild Summ miscast
 37981 | Temple   | XOM: give mutations
 37981 | Temple   | Gained mutation: You are somewhat resistant to both further mutation and mutation removal. [Xom's grace]
 37981 | Temple   | Gained mutation: You regenerate. [Xom's grace]
 37981 | Temple   | Gained mutation: You are robust (+10% HP). [Xom's grace]
 37981 | Temple   | Gained mutation: Your movements are less encumbered by armour (ER -4). [Xom's grace]
 38259 | Temple   | XOM: god gift: 47 gold pieces
 38746 | Temple   | XOM: mild Summ miscast
 38824 | Temple   | XOM: 1-stop teleportation journey
 38959 | Temple   | XOM: god gift: runed hunting sling {god gift}
 39010 | Temple   | Fell from the grace of Xom
 39010 | Temple   | Became a worshipper of Dithmenos the Shadowed
 39111 | D:7      | Reached skill level 1 in Charms
 39111 | D:7      | Reached skill level 1 in Air Magic
 39137 | D:7      | Found a burning altar of Makhleb.
 39141 | D:7      | XOM: draining
 39358 | D:7      | Fell from the grace of Dithmenos
 39367 | D:7      | Reached skill level 1 in Shields
 39367 | D:7      | Reached XP level 10. HP: 59/59 MP: 14/14
 39414 | D:6      | XOM: give mutations
 39414 | D:6      | Lost mutation: Your movements are less encumbered by armour (ER -4). [Xom's mischief]
 39414 | D:6      | Lost mutation: Your mind is acute. (Int +2) [Xom's mischief]
 39414 | D:6      | Lost mutation: Your flesh is heat resistant. [Xom's mischief]
 39414 | D:6      | Lost mutation: You are resistant to electric shocks. [Xom's mischief]
 39450 | Temple   | Became a worshipper of Dithmenos the Shadowed
 39557 | D:7      | Reached skill level 2 in Shields
 39971 | D:8      | Reached skill level 3 in Shields
 40026 | D:8      | Reached skill level 4 in Shields
 40051 | D:8      | Noticed namelastname112's ghost (novice DrSk)
 40580 | D:8      | Reached skill level 5 in Shields
 40591 | D:8      | Identified Biduth's Guide on Transformation
 40949 | D:9      | Reached * piety under Dithmenos
 41051 | D:9      | Found a staircase to the Orcish Mines.
 41108 | D:9      | Reached skill level 6 in Shields
 41215 | D:9      | Found a blossoming altar of Fedhas.
 41247 | D:9      | Noticed a centaur warrior
 41265 | D:9      | Killed a centaur warrior
 41265 | D:9      | Reached skill level 7 in Shields
 41431 | D:9      | XOM: summons 2 hostile demons
 41447 | D:9      | XOM: severe Trmt miscast
 41447 | D:9      | Lost mutation: You are resistant to hostile enchantments. [the severe capriciousness of Xom]
 41515 | D:9      | XOM: summons 12 hostile demons
 41562 | D:9      | Reached XP level 11. HP: 63/63 MP: 18/18
 41586 | D:9      | Reached skill level 8 in Shields
 41601 | D:9      | XOM: noise
 41608 | D:9      | Reached ** piety under Dithmenos
 41802 | D:9      | XOM: medium Chrm miscast
 41851 | D:10     | Entered Level 10 of the Dungeon
 41866 | D:10     | Found a flagged portal.
 41903 | Bailey   | Entered a bailey
 42134 | Bailey   | Reached *** piety under Dithmenos
 42164 | Bailey   | XOM: noise
 42202 | Bailey   | XOM: noise
 42302 | D:10     | Reached skill level 9 in Shields
 42526 | D:10     | Noticed a hill giant
 42526 | D:10     | Noticed Josephine
 42544 | D:10     | Killed Josephine
 42562 | D:10     | Killed a hill giant
 42568 | D:10     | Reached skill level 10 in Shields
 42646 | D:10     | Paralysed by a giant eyeball for 2 turns
 42649 | D:10     | Paralysed by a giant eyeball for 3 turns
 42656 | D:10     | Paralysed by a giant eyeball for 2 turns
 42671 | D:10     | Reached **** piety under Dithmenos
 42896 | D:10     | Noticed Sonja
 42971 | D:10     | XOM: harmless Divn miscast
 43068 | D:10     | Killed Sonja
 43205 | D:11     | Reached skill level 11 in Shields
 43300 | D:11     | Mutation became permanent: You regenerate. [Vine Stalker growth]
 43300 | D:11     | Reached XP level 12. HP: 65/67 MP: 19/19
 43371 | D:11     | Reached skill level 12 in Shields
 43478 | D:11     | Noticed a centaur warrior
 43498 | D:11     | Killed a centaur warrior
 43498 | D:11     | Reached skill level 13 in Shields
 43679 | D:11     | Found a staircase to the Lair.
 43691 | D:11     | Reached ***** piety under Dithmenos
 43708 | D:11     | Found a frozen archway.
 43753 | IceCv    | Entered an ice cave
 43840 | IceCv    | Reached skill level 14 in Shields
 43993 | IceCv    | XOM: mild Chrm miscast
 44177 | IceCv    | Noticed a white draconian
 44221 | IceCv    | Killed a white draconian
 44221 | IceCv    | Reached XP level 13. HP: 47/73 MP: 11/20
 44487 | IceCv    | Reached skill level 15 in Shields
 44774 | D:11     | XOM: mild Divn miscast
 44899 | D:11     | XOM: medium Summ miscast
 45182 | D:12     | Noticed M4edhros's ghost (journeyman VSEE)
 45201 | D:12     | XOM: confuse monster(s)
 45221 | D:12     | Killed M4edhros's ghost
 45271 | D:12     | XOM: 5-stop teleportation journey
 45893 | D:13     | Noticed Nessos
 45917 | D:13     | XOM: mild Ice miscast
 45920 | D:13     | Killed Nessos
 45957 | D:13     | Noticed Frances
 45976 | D:13     | Killed Frances
 46188 | D:13     | Reached skill level 10 in Transmutations
 46188 | D:13     | Reached XP level 14. HP: 77/77 MP: 21/21
 46197 | D:13     | Reached skill level 5 in Dodging
 46341 | D:13     | Learned a level 4 spell: Summon Lightning Spire
 46793 | Lair:1   | Entered Level 1 of the Lair of Beasts
 46811 | Lair:1   | Identified a cursed +1 rod of ignition (9/9) (You found it on level 1 of the Lair of Beasts)
 46978 | D:6      | Bought a scroll of remove curse for 42 gold pieces
 46978 | D:6      | Bought a fan of gales for 560 gold pieces
 46978 | D:6      | Bought a phial of floods for 560 gold pieces
 47014 | D:7      | XOM: noise
 47026 | D:7      | XOM: give mutations
 47026 | D:7      | Lost mutation: You are very agile. (Dex +4) [Xom's mischief]
 47026 | D:7      | Lost mutation: You are somewhat resistant to both further mutation and mutation removal. [Xom's mischief]
 47026 | D:7      | Lost mutation: Your spells are harder to cast, but more powerful. [Xom's mischief]
 47026 | D:7      | Lost mutation: You are agile. (Dex +2) [Xom's mischief]
 47221 | Lair:1   | XOM: mild Pois miscast
 47293 | Lair:1   | XOM: stat loss: -1 Str (16/17)
 48114 | Lair:2   | XOM: 1-stop teleportation journey
 48143 | Lair:2   | XOM: give mutation
 48143 | Lair:2   | Lost mutation: Your flesh is cold resistant. [Xom's mischief]
 48153 | Lair:2   | Found a shimmering altar of Xom.
 48301 | Lair:2   | Noticed Gastronok
 48369 | Lair:2   | Killed Gastronok
 49101 | Lair:3   | XOM: 6-stop teleportation journey
 49103 | Lair:3   | Reached ****** piety under Dithmenos
 49144 | Lair:3   | XOM: mild Fire miscast
 49965 | Lair:4   | Noticed Rupert
 50007 | Lair:4   | Killed Rupert
 50159 | Lair:4   | XOM: mild Hex miscast
 50202 | Lair:4   | Found a hole to the Spider Nest.
 50245 | Lair:4   | Noticed Snorg
 50256 | Lair:4   | Killed Snorg
 50632 | Lair:4   | XOM: summons 4 hostile demons
 50879 | D:6      | XOM: give mutations
 50879 | D:6      | Lost mutation: You are robust (+10% HP). [Xom's mischief]
 50879 | D:6      | Lost mutation: You are surrounded by a mild repulsion field (EV +2). [Xom's mischief]
 51278 | Lair:5   | Identified the Incunabulum of Darkness
 51633 | Lair:5   | XOM: stat loss: -1 Dex (16/17)
 51705 | Lair:5   | Reached XP level 15. HP: 25/75 MP: 6/22
 52343 | D:11     | XOM: summons 14 hostile demons
 52343 | D:11     | Was forgiven by Xom
 52652 | Lair:6   | Found a staircase to the Swamp.
 53565 | Lair:7   | Noticed Duffy's ghost (journeyman TrFi)
 53952 | Lair:7   | Killed Duffy's ghost
 54139 | Lair:7   | Learned a level 6 spell: Statue Form
 54341 | Lair:7   | Found a viscous altar of Jiyva.
 54342 | Lair:7   | Found a staircase to the Slime Pits.
 54769 | Lair:8   | Entered Level 8 of the Lair of Beasts
 54789 | Lair:7   | Reached skill level 1 in Earth Magic
 55435 | Lair:8   | Reached skill level 10 in Dodging
 55775 | Lair:8   | Reached XP level 16. HP: 79/79 MP: 24/24
 55946 | Lair:8   | Reached skill level 5 in Earth Magic
 56773 | Orc:1    | Entered Level 1 of the Orcish Mines
 57212 | Orc:2    | Entered Level 2 of the Orcish Mines
 57213 | Orc:2    | Found Nunaad's Assorted Antiques.
 57285 | Orc:2    | Noticed Azrael
 57312 | Orc:2    | Killed Azrael
 57411 | Orc:2    | Found a staircase to the Elven Halls.
 57466 | Orc:2    | Found Nymesmiu's Jewellery Boutique.
 57468 | Orc:2    | Found Ottij's Antique Weapon Shop.
 57597 | Orc:2    | Found Pomaarch's Gadget Shoppe.
 57606 | Orc:2    | Found Woemuibb's Book Boutique.
 58113 | D:11     | Lost mutation: Your spells are a little harder to cast, but a little more powerful. [potion of cure mutation]
 58113 | D:11     | Lost mutation: You possess an exceptional clarity of mind. [potion of cure mutation]
 58113 | D:11     | Lost mutation: You have a pair of large horns on your head. [potion of cure mutation]
 58114 | D:11     | Lost mutation: You passively map a small area around you. [potion of cure mutation]
 58114 | D:11     | Lost mutation: Your system is resistant to poisons. [potion of cure mutation]
 58114 | D:11     | Lost mutation: Your muscles are very strong. (Str +4) [potion of cure mutation]
 58114 | D:11     | Lost mutation: You have a pair of horns on your head. [potion of cure mutation]
 58114 | D:11     | Lost mutation: You are partially covered in thin metallic scales (AC +2). [potion of cure mutation]
 58115 | D:11     | Lost mutation: You are somewhat resistant to further mutation. [potion of cure mutation]
 58115 | D:11     | Lost mutation: Your muscles are strong. (Str +2) [potion of cure mutation]
 58115 | D:11     | Lost mutation: You have a pair of small horns on your head. [potion of cure mutation]
 58115 | D:11     | Lost mutation: You have hooves in place of feet. [potion of cure mutation]
 58115 | D:11     | Lost mutation: You have sharp fingernails. [potion of cure mutation]
 58191 | Lair:2   | Gained mutation: You are somewhat resistant to further mutation. [potion of beneficial mutation]
 58192 | Lair:2   | Gained mutation: You have hooves in place of feet. [potion of beneficial mutation]
 58317 | D:13     | Lost mutation: You have hooves in place of feet. [potion of cure mutation]
 58317 | D:13     | Lost mutation: You have hoof-like feet. [potion of cure mutation]
 58317 | D:13     | Lost mutation: You have large cloven feet. [potion of cure mutation]
 58317 | D:13     | Lost mutation: You are partially covered in rugged brown scales (AC +1, +3% HP). [potion of cure mutation]
 58881 | Orc:2    | Bought a scroll labeled XARUOF XUEBACA for 35 gold pieces
 58881 | Orc:2    | Bought a scroll of identify for 70 gold pieces
 58881 | Orc:2    | Bought a scroll labeled XARUOF XUEBACA for 35 gold pieces
 59095 | Elf:1    | Entered Level 1 of the Elven Halls
 59426 | Elf:1    | Found a magical portal.
 59431 | WizLab   | Entered The Roulette of Golubria
 59437 | WizLab   | Found a corrupted altar of Lugonu.
 59437 | WizLab   | Noticed an eldritch tentacle
 59476 | WizLab   | Noticed a tentacled starspawn
 59490 | WizLab   | Killed a tentacled starspawn
 59643 | WizLab   | Found a corrupted altar of Lugonu.
 59738 | WizLab   | Killed an eldritch tentacle
 59752 | WizLab   | Identified Golubria's Reference Book on Orientation
 59754 | WizLab   | Got a spiked cloak
 59762 | WizLab   | Identified the +0 cloak "Amoskez" {Str+3} (You found it in a wizard's laboratory)
 59775 | WizLab   | Got a transparent cloak
 59949 | WizLab   | Paralysed by a great orb of eyes for 6 turns
 59957 | WizLab   | Reached XP level 17. HP: 72/83 MP: 23/25
 59976 | WizLab   | Noticed a tentacled starspawn
 59983 | WizLab   | Killed a tentacled starspawn
 60089 | WizLab   | Cast into level 2 of the Abyss (boggart)
 60089 | Abyss:2  | Found a corrupted altar of Lugonu.
 60133 | WizLab   | Escaped the Abyss
 60192 | WizLab   | Identified Golubria's Almanac of the Voyage and Good Luck
 60308 | Elf:1    | Identified the cursed +0 cloak of the Beekeeper {rElec Str+4} (You found it in a wizard's laboratory)
 60968 | Swamp:1  | Entered Level 1 of the Swamp
 61446 | Swamp:1  | Paralysed by a wasp for 1 turns
 62173 | Swamp:2  | Reached skill level 10 in Earth Magic
 62762 | Swamp:3  | Noticed Donald
 62781 | Swamp:2  | Killed Donald
 63220 | Swamp:3  | Reached skill level 1 in Axes
 63402 | Swamp:4  | Entered Level 4 of the Swamp
 63789 | Swamp:4  | Reached skill level 5 in Spellcasting
 64305 | Swamp:4  | Gained mutation: Scrolls take you a little longer to read. [mutagenic meat]
 64371 | Swamp:4  | Got a decaying rune of Zot
 64456 | Swamp:4  | Killed from afar by a spriggan druid

Vault maps used:
D:1:      evilmike_arrival_crescent
D:2:      nicolae_overflow_hidden_temple, minmay_misc_feat_chi,
          minmay_misc_feat_five
D:3:      lemuel_doored_altar, gup_sewer_entry_bubbles, grunt_pakellas_basics
D:4:      grunt_qazlal_sundering
D:5:      minmay_temple_entry_glassed_door, first_bread, serial_shops, shop,
          tgw_trog
D:6:      nicolae_whirlpool, marbit_many_paths, serial_shops, shop, shop, shop,
          nicolae_shop_stone
D:7:      vehumet_crystals, makhleb_grotto_becter, serial_shops,
          kennysheep_mini_moat, grunt_livestock, hangedman_decor_growths
D:8:      minmay_diamond_spiral
D:9:      lemuel_coloured_pillars_altar, erik_orc_4, serial_curves,
          eino_curves_04, eino_curves_02, eino_curves_03,
          kennysheep_another_room
D:10:     lightli_bailey_entry_fortress, onia_ninara_cookie, uniq_sonja,
          uniq_josephine
D:11:     hangedman_cross_cluster, portal_ice_cave_entry_imps
D:13:     uniq_nessos, uniq_frances
Temple:   circular_temple_12
Lair:1:   serial_bayou_shore_b, grunt_megastairs_1, infiniplex_staircase_pool_2
Lair:2:   dpeg_oklob_gauntlet, minmay_holes, kb_xom_exploding_sheep,
          grunt_megastairs_3, bh_autumn_forest_stairs, lemuel_fruit_fields,
          serial_bayou_shore_a, uniq_gastronok
Lair:3:   serial_bayou_lagoon_b
Lair:4:   dummy_spider_entry, minmay_hedge_maze, uniq_rupert, uniq_snorg
Lair:6:   minmay_swamp_entry_worms, lemuel_fruit_tree, grunt_megastairs_2
Lair:7:   dpeg_slime_entry_enclosed_altar, beast_lair_carwin_2,
          serial_bayou_shore_b
Lair:8:   minmay_lair_end_frog_pond, special_room, infiniplex_staircase_pool
Swamp:1:  nicolae_swamp_little_tower
Swamp:2:  nicolae_swamp_round_clearing
Swamp:3:  hangedman_swamp_cone, nicolae_swamp_stair_fork, swamp_pool5,
          uniq_donald
Swamp:4:  swamp_vile
Orc:2:    st_orc_open, serial_shops, shop, uniq_azrael
Elf:1:    minmay_elf_arrival_circle, mu_enter_wizlab_7, serial_shops, shop,
          kennysheep_underground_church
Abyss:2:  evilmike_abyss_exit_disperse
Bailey:   bailey_axe_2, bailey
IceCv:    ice_cave_small_giant
WizLab:   wizlab_golubria

Skill      XL: |  1  2  3  4  5  6  7  8  9 10 11 12 13 14 15 16 17 |
---------------+----------------------------------------------------+-----
Slings         | 1 2 3 4 5 6 7 |  7.4
Transmutations | 3 4 5 6 10 11 12 13 14 | 14.2
Unarmed Combat | 4 5 6 7 |  7.8
Fighting       | 3 5 6 |  6.6
Charms         | 1 4 |  4.6
Air Magic      | 1 4 |  4.4
Shields        | 1 7 11 14 15 | 15.0
Spellcasting   | 4 5 |  5.3
Dodging        | 4 7 10 11 | 11.3
Earth Magic    | 4 8 11 | 11.5
Axes           | 4 |  4.2

Action                   |  1- 3 |  4- 6 |  7- 9 | 10-12 | 13-15 | 16-18 || total
-------------------------+-------+-------+-------+-------+-------+-------++-------
Melee: Unarmed           |    78 |   131 |   282 |  1042 |  1850 |  1118 ||  4501
       Hunting sling     |       |       |     3 |       |       |       ||     3
       Rod               |       |       |       |       |     3 |       ||     3
       Broad axe         |       |       |       |       |       |   248 ||   248
       Greatsling        |       |       |       |       |       |     1 ||     1
 Fire: Hunting sling     |    47 |   191 |   102 |       |       |       ||   340
       Blowgun           |       |     8 |     3 |       |       |       ||    11
       Greatsling        |       |       |    49 |     6 |   112 |   324 ||   491
 Cast: Swiftness         |       |       |     1 |       |       |       ||     1
       Blade Hands       |       |       |       |       |    13 |    32 ||    45
       Sticks to Snakes  |       |       |       |       |       |     7 ||     7
       Repel Missiles    |       |       |       |       |       |     3 ||     3
Evoke: Wand              |       |       |     3 |     7 |     7 |     4 ||    21
       Phial of floods   |       |       |       |       |     3 |     1 ||     4
       Fan of gales      |       |       |       |       |     2 |     2 ||     4
  Use: Scroll            |       |     8 |     9 |     6 |    16 |    12 ||    51
       Potion            |       |       |     6 |     1 |     1 |    17 ||    25
 Stab: Confused          |       |       |     4 |     1 |     2 |       ||     7
       Invisible         |       |       |     1 |       |       |       ||     1
       Sleeping          |       |       |       |       |     1 |       ||     1
       Distracted        |       |       |       |       |       |     3 ||     3
       Paralysed         |       |       |       |       |       |     3 ||     3
  Eat: Chunk             |     3 |     7 |    18 |    20 |    40 |    31 ||   119
       Bread ration      |       |       |     3 |       |       |       ||     3
       Pizza             |       |       |     3 |     1 |       |     6 ||    10
       Beef jerky        |       |       |     2 |     1 |     7 |     2 ||    12
       Royal jelly       |       |       |    12 |       |       |       ||    12
       Meat ration       |       |       |     9 |       |       |     1 ||    10
